 Dungeon Crawl Stone Soup version 0.26.0-18-gc5c842f807 (webtiles) character file.

Game seed: 3524912425598226287

394 kaeus the Firebug (level 6, -7/32 HPs)
             Began as a Gargoyle Fire Elementalist on Jan 23, 2021.
             Was an Initiate of the Shining One.
             Mangled by an ice beast (10 damage)
             ... on level 4 of the Dungeon.
             The game lasted 00:03:40 (5455 turns).

kaeus the Firebug (Gargoyle Fire Elementalist)      Turns: 5455, Time: 00:03:41

Health: -7/32      AC:  9    Str: 12    XL:     6   Next: 81%
Magic:  5/10       EV: 12    Int: 17    God:    the Shining One [......]
Gold:   241        SH:  0    Dex: 10    Spells: 10/11 levels left

rFire    . . .     SeeInvis .   k - +1 whip (venom)
rCold    . . .     Faith    .   (no shield)
rNeg     + . .     Spirit   .   g - +2 animal skin
rPois    ∞         Reflect  .   b - +0 helmet
rElec    +         Harm     .   (no cloak)
rCorr    .         Rampage  .   (no gloves)
Will     .....                  (no boots)
Stlth    +.........             (no amulet)
HPRegen  0.10/turn              (no ring)
MPRegen  0.12/turn              (no ring)

@: glowing
A: negative energy resistance 1, electricity resistance, unbreathing,
petrification resistance, miasma immunity, AC +4
a: Renounce Religion


You were on level 4 of the Dungeon.
You worshipped the Shining One.
The Shining One was noncommittal.
You visited 1 branch of the dungeon, and saw 5 of its levels.

You collected 241 gold pieces.

Inventory:

Hand Weapons
 k - a +1 whip of venom (weapon)
Armour
 b - a +0 helmet (worn)
 g - a +2 animal skin (worn)
Scrolls
 a - 6 scrolls of identify
 c - 5 scrolls of remove curse
 d - 4 scrolls of teleportation
 e - 2 scrolls of amnesia
 h - 2 scrolls of fog {unknown}
 m - a scroll of enchant armour {unknown}
Potions
 f - a potion of haste {unknown}
 i - 2 potions of flight
 j - a potion of resistance {unknown}
 l - a potion of brilliance {unknown}
 n - a potion of berserk rage {unknown}


   Skills:
 - Level 1.5 Dodging
 - Level 2.1 Stealth
 + Level 3.3 Spellcasting
 * Level 4.7 Conjurations
 * Level 5.1 Fire Magic


You had 10 spell levels left.
You knew the following spells:

 Your Spells              Type           Power        Failure   Level
a - Foxfire               Conj/Fire      76%          2%          1

Your spell library contained the following spells:

 Spells                   Type           Power        Failure   Level
 Conjure Flame            Conj/Fire      19%          7%          3
 Inner Flame              Hex/Fire       11%          19%         3
 Sticky Flame             Conj/Fire      19%          22%         4
 Fireball                 Conj/Fire      9%           52%         5


Dungeon Overview and Level Annotations

Branches:
Dungeon (5/15)
 Temple: D:4-7

Altars:
Dithmenos
Elyvilon
Makhleb
Trog
Vehumet
Xom
Zin
The Shining One


Innate Abilities, Weirdness & Mutations

You are resistant to torment.
Your stone body is resilient. (AC +4)
You are immune to poison.
You resist negative energy. (rN+)
You are resistant to electric shocks. (rElec)
You can survive without breathing.
You are immune to petrification.
You are immune to miasma.


Message History

Casting: Foxfire (safe; 2% risk of failure)
Confirm with . or Enter, or press ? or * to list all spells.
You conjure some foxfire!
The ice beast hits you but does no damage.
You now have 6/10 mp.
You hit the ice beast.
The ice beast is heavily wounded.
The foxfire hits the ice beast but does no damage.
The ice beast is heavily wounded.
The foxfire hits the ice beast.
The ice beast melts!
The ice beast is severely wounded.
The ice beast hits you. The ice beast freezes you!
* * * LOW HITPOINT WARNING * * *
You take 16 damage, and have 5/32 hp.
MASSIVE DAMAGE!!
Casting: Foxfire (safe; 2% risk of failure)
Confirm with . or Enter, or press ? or * to list all spells.
You conjure some foxfire!
The ice beast hits you.
* * * LOW HITPOINT WARNING * * *
The ice beast freezes you!
You die...

#### #..(
###########...
#####.............
#.................
#.##...########...
######v#.....##........
#....Y@v........##.#...
#.####.#.....#####.#..#
#># #.##...## #.#...
#.# #.###.## #.#..# #.#
#.# #.#######.#.## #.#
#.###..........## #.#
#..##########.#.## #.#
###'##### #.##.# #.#
#.'_'...#### #.##..


You could see an ice beast.

Vanquished Creatures
  An ogre (D:4)
  2 howler monkeys
  A hound (D:2)
  A worker ant (D:3)
  Robin (D:3)
  7 adders
  2 oozes
  An adder skeleton (D:4)
  5 worms
  A dart slug (D:2)
  A leopard gecko (D:3)
  2 orcs (D:3)
  4 bats
  7 giant cockroaches
  14 goblins
  11 hobgoblins
  3 jackals (D:3)
  4 kobolds (D:1)
  2 ball pythons
  8 frilled lizards
  8 rats
86 creatures vanquished.

Vanquished Creatures (others)
  272 foxfires
272 creatures vanquished.

Grand Total: 358 creatures vanquished

Notes
Turn   | Place    | Note
-------+----------+-------------------------------------------
     0 | D:1      | kaeus the Gargoyle Fire Elementalist began the quest for
                  | the Orb.
     0 | D:1      | Reached XP level 1. HP: 10/10 MP: 3/3
   307 | D:1      | Reached XP level 2. HP: 15/15 MP: 3/5
  1062 | D:2      | Reached XP level 3. HP: 10/19 MP: 4/6
  1239 | D:2      | Found a shadowy altar of Dithmenos.
  1694 | D:2      | Reached XP level 4. HP: 24/24 MP: 3/7
  2064 | D:2      | Found a glowing silver altar of Zin.
  2064 | D:2      | Noticed an angel
  2118 | D:2      | Found a burning altar of Makhleb.
  2125 | D:2      | Reached skill level 4 in Fire Magic
  2419 | D:3      | Reached XP level 5. HP: 28/28 MP: 2/9
  2704 | D:3      | Noticed Robin
  3427 | D:3      | Killed Robin
  3612 | D:3      | Reached XP level 6. HP: 32/32 MP: 1/10
  4389 | D:4      | Found a glowing golden altar of the Shining One.
  4615 | D:4      | Became a worshipper of the Shining One
  4744 | D:4      | Found a radiant altar of Vehumet.
  4784 | D:4      | Reached skill level 5 in Fire Magic
  4940 | D:4      | Found a shimmering altar of Xom.
  4942 | D:4      | Found a shimmering altar of Xom.
  4942 | D:4      | Found a white marble altar of Elyvilon.
  4944 | D:4      | Found a snail-covered altar of Cheibriados.
  4944 | D:4      | Found a shimmering altar of Xom.
  4944 | D:4      | Found a bloodstained altar of Trog.
  5424 | D:5      | Entered Level 5 of the Dungeon
  5432 | D:5      | Noticed an ice beast
  5455 | D:4      | Mangled by an ice beast

Illustrated notes

Levels and vault maps discovered:
D:1:      minmay_arrival_stair_chambers, layout_basic
D:2:      layout_basic, nicolae_overflow_crystal_walls, zin_angel,
          makhleb_heckhound_becter
D:3:      layout_loops_ring, minmay_vboxes, uniq_robin
D:4:      layout_loops_ring, kennysheep_mini, nicolae_overflow_hidden_temple,
          kennysheep_cross_room, doesnt_xom_only_xom
D:5:      layout_basic, minmay_temple_entry_junction_2, basic_altar,
          corexii_checkpoint_b, uniq_edmund

Skill      XL: |  1  2  3  4  5  6 |
---------------+-------------------+-----
Conjurations   | 2 3 4 |  4.7
Fire Magic     | 4 5 |  5.1
Spellcasting   | 3 |  3.3
Dodging        | |  1.5
Stealth        | |  2.1

Action                   |  1- 3 |  4- 6 || total
-------------------------+-------+-------++-------
Melee: Dagger            |    36 |    10 ||    46
       Whip              |       |    62 ||    62
 Cast: Foxfire           |    70 |   128 ||   198
  Use: Scroll            |       |     5 ||     5
Armor: Robe              |     5 |    32 ||    37
       Animal skin       |       |     9 ||     9
Dodge: Dodged            |    15 |    60 ||    75
